 Dungeon Crawl Stone Soup version 0.30-a0-591-g3c58d2bc28 (webtiles) character file.

Game seed: 13528581467231059454

616 wormed the Changer (level 7, -2/54 HPs)
             Began as an Octopode Transmuter on Jan 6, 2023.
             Slain by an ogre
             ... wielding a +0 giant spiked club
              (30 damage)
             ... on level 5 of the Dungeon.
             The game lasted 00:06:32 (5439 turns).

wormed the Changer (Octopode Transmuter)            Turns: 5439, Time: 00:06:32

Health: -2/54      AC:  6    Str: 15    XL:     7   Next: 45%
Magic:  7/11       EV: 10    Int: 17    God:
Gold:   263        SH:  0    Dex: 13    Spells: 5/12 levels left

rFire   x . .      SeeInvis .      - Unarmed
rCold   + + +      Faith    .    (shield currently unavailable)
rNeg    . . .      Spirit   .    (helmet currently unavailable)
rPois   +          Reflect  .    (no amulet)
rElec   .          Harm     .    j - +6 ring of strength
rCorr   .          Rampage  .    a - ring of poison resistance
Will    .....                    (no ring)
Stlth   +                        (no ring)
HPRegen 0.29/turn                (no ring)
MPRegen 0.12/turn                (no ring)
                                 (no ring)
                                 (no ring)

@: ice-form
A: freezing attack, boosted hp, almost no armour, amphibious, 8 rings, large,
(camouflage 1), (gelatinous body 1), (nimble swimmer 1), (tentacles)
a: End Transformation


You were on level 5 of the Dungeon.
You were a creature of crystalline ice.
You visited 1 branch of the dungeon, and saw 5 of its levels.

You collected 263 gold pieces.

Inventory:

Missiles
 f - 9 poisoned darts
Armour
 l - a +0 hat (melded)
Jewellery
 a - a ring of poison resistance (right front paw)
 j - a +6 ring of strength (left front paw)
 q - a ring of fire
Scrolls
 d - 2 scrolls of poison
 k - a scroll of fog
 s - a scroll of teleportation
Potions
 b - 3 potions of attraction
 c - a potion of magic
 e - 3 potions of curing
 g - a potion of degeneration
 h - a potion of berserk rage
 i - 2 potions of cancellation
 m - a potion of flight
 n - a potion of ambrosia {unknown}
 o - 2 potions of might
 p - a potion of haste
 r - 2 potions of mutation {unknown}


   Skills:
 + Level 2.8 Fighting
 + Level 3.4 Dodging
 + Level 4.1 Unarmed Combat
 + Level 3.2 Spellcasting
 * Level 4.6 Transmutations
 + Level 2.5 Ice Magic


You had 5 spell levels left.
You knew the following spells:

 Your Spells              Type           Power      Damage    Failure   Level
a - Ice Form              Ice/Tmut       15%        N/A       36%         4
b - Wereblood             Tmut           18%        N/A       3%          2
z - Beastly Appendage     Tmut           36%        N/A       2%          1

Your spell library contained the following spells:

 Spells                   Type           Power      Damage    Failure   Level
 Passwall                 Tmut/Erth      8%         N/A       10%         2
 Sandblast                Erth           4%         2d4       17%         1
 Summon Small Mammal      Summ           8%         N/A       17%         1
 Spider Form              Tmut/Pois      10%        N/A       21%         3
 Stone Arrow              Conj/Erth      4%         3d7       45%         3
 Fireball                 Conj/Fire      1%         3d3       99%         5
 Iskenderun's Battlesphe  Conj           2%         2d6       99%         5
 Conjure Ball Lightning   Conj/Air       1%         3x3d6     100%        6
 Eringya's Noxious Bog    Tmut/Pois      5%         N/A       100%        6
 Orb of Destruction       Conj           1%         9d5       100%        7


Dungeon Overview and Level Annotations

Branches:
Dungeon (5/15)
 Temple: D:4-7

Altars:

Annotations:
D:1 1 transporter


Innate Abilities, Weirdness & Mutations

You are a creature of crystalline ice.
You have a powerful freezing melee attack.
Your maximum health is increased.
Your armour is entirely melded.
You are incapable of wielding weapons or throwing items.
You cannot wear most types of armour.
You are amphibious.
You can wear up to eight rings at the same time.
((Your skin changes colour to match your surroundings (Stealth+).))
((Your rubbery body absorbs attacks. (AC +1, EV +1)))
((You are camouflaged when in or above water. (Stealth+)))
((You have tentacles for arms and can constrict up to eight enemies at once.))


Message History

The black bear bites you. The black bear misses you. The black bear claws you.
You punch the black bear! You freeze the black bear.
The black bear is heavily wounded.
The black bear misses you. The black bear barely misses you.
The black bear claws you but does no damage.
You punch the black bear! You freeze the black bear.
You kill the black bear!
No target in view!
Your transformation is almost over.
You warm up again.
Your +0 hat unmelds from your body.
You see here a black bear corpse.
Found a stone staircase leading down.
Found a stone staircase leading down and a stone staircase leading up.
An ogre comes into view. It is wielding a +0 giant spiked club.
Found 14 gold pieces.
An ogre is nearby!
An ogre is nearby!
An ogre is nearby!
Casting: Ice Form (quite dangerous; 36% risk of failure)
Confirm with . or Enter, or press ? or * to list all spells.
The spell is quite dangerous to miscast (36% risk of failure)!
Continue anyway? [Y]es or [N]o only, please.
The spell is quite dangerous to miscast (36% risk of failure)!
Continue anyway? [Y]es or [N]o only, please.
The spell is quite dangerous to miscast (36% risk of failure)!
Continue anyway? [Y]es or [N]o only, please.
The spell is quite dangerous to miscast (36% risk of failure)!
Continue anyway? [Y]es or [N]o only, please.
The spell is quite dangerous to miscast (36% risk of failure)!
Continue anyway?
You turn into a creature of crystalline ice.
Your +0 hat melds into your body.
The ogre shouts!
You hit the ogre but do no damage.
The ogre hits you with a +0 giant spiked club!!
You punch the ogre! You freeze the ogre.
The ogre is severely wounded.
The ogre hits you with a +0 giant spiked club!!
Ouch! That really hurt!
You die...

#.# #
#########.#
#$
#.....†...#
#..##
#.#########
#....##.#
#.....#.#####
...>........#
......>..##<#
........Y#
........O#
..........
#?....#....
##...##.#.#.
##.# ..#.##.
#. .. .. .. #
#.# .# .#


You could see an ogre.

Vanquished Creatures
  A black bear (D:5)
  A phantom (D:4)
  2 scorpions (D:4)
  2 hounds
  2 iguanas (D:4)
  An orc wizard (D:2)
  Robin (D:3)
  8 adders
  2 worms (D:2)
  3 dart slugs
  5 orcs
  9 ball pythons
  7 endoplasms
  6 giant cockroaches
  14 goblins
  11 hobgoblins
  5 jackals
  6 quokkas
  6 bats
  6 frilled lizards
  7 kobolds
  3 rats
108 creatures vanquished.

Notes
Turn   | Place    | Note
-------+----------+-------------------------------------------
     0 | D:1      | wormed the Octopode Transmuter began the quest for the Orb.
     0 | D:1      | Reached XP level 1. HP: 13/13 MP: 3/3
   159 | D:1      | Reached XP level 2. HP: 12/18 MP: 5/5
   375 | D:1      | Learned a level 2 spell: Wereblood
   615 | D:1      | Got Sif Muna's Incunabulum of Attendants and Reformation
   646 | D:1      | Reached XP level 3. HP: 23/23 MP: 4/6
  1152 | D:2      | Reached skill level 1 in Ice Magic
  1152 | D:2      | Reached XP level 4. HP: 4/28 MP: 5/7
  1451 | D:2      | Reached XP level 5. HP: 22/34 MP: 5/8
  1999 | D:2      | Identified the +8 ring mail of Ceowish {Fly Dex+2 Stlth-}
  3841 | D:4      | Noticed a phantom
  3861 | D:4      | Killed a phantom
  3862 | D:4      | Reached XP level 6. HP: 26/39 MP: 7/10
  4030 | D:4      | Noticed Robin
  4056 | D:3      | Learned a level 4 spell: Ice Form
  4201 | D:3      | Killed Robin
  4461 | D:4      | Reached XP level 7. HP: 36/45 MP: 3/11
  5168 | D:5      | Entered Level 5 of the Dungeon
  5439 | D:5      | Slain by an ogre

Illustrated notes

Levels and vault maps discovered:
D:1:      spicycebolla_arrival_risky_transporter, layout_basic,
          serial_corexii_hall, chequers_hall_statues_wall_a,
          corexii_hall_statues_u
D:2:      layout_loops_ring, minmay_tetromino_t4
D:3:      layout_loops_ring
D:4:      minmay_razor_zed, layout_rooms,
          nicolae_concentric_dashed_squares_mild, minmay_cut_off, uniq_robin
D:5:      layout_loops_ring

Skill      XL: |  1  2  3  4  5  6  7 |
---------------+----------------------+-----
Transmutations | 3 4 |  4.6
Ice Magic      | 1 2 |  2.5
Fighting       | 2 |  2.8
Dodging        | 3 |  3.4
Spellcasting   | 3 |  3.2
Unarmed Combat | 4 |  4.1

Action                   |  1- 3 |  4- 6 |  7- 9 || total
-------------------------+-------+-------+-------++-------
Melee: Unarmed           |    62 |   139 |    19 ||   220
       Constrict         |    16 |    23 |     1 ||    40
       Kick              |    12 |    21 |       ||    33
       Tentacles         |    10 |    23 |     1 ||    34
       Punch             |     1 |     4 |       ||     5
 Cast: Beastly Appendage |    16 |    32 |       ||    48
       Wereblood         |    10 |    28 |       ||    38
       Ice Form          |       |     5 |     5 ||    10
  Use: Potion            |     1 |     2 |       ||     3
       Scroll            |       |     9 |     6 ||    15
 Stab: Sleeping          |     3 |     2 |       ||     5
Armor: Skin              |     6 |    30 |     3 ||    39
Dodge: Dodged            |    35 |    53 |    11 ||    99

Table legend: (Time is in decaauts)
 A = Elapsed time spent in this place.
 B = Non-inter-level travel time spent in this place.
 C = Inter-level travel time spent in this place.
 D = Time resting spent in this place.
 E = Time spent auto-exploring this place.
 F = Levels seen in this place.
 G = Mean time per level.
                   A        B        C        D        E       F      G
               +--------+--------+--------+--------+--------+-----+--------+
         Total |   5426 |   5363 |     63 |    934 |   3706 |   5 | 1085.2 |
       Dungeon |   5426 |   5363 |     63 |    934 |   3706 |   5 | 1085.2 |
               +--------+--------+--------+--------+--------+-----+--------+

Top non-repeatable levels by time:
     D:2: 1474 daAuts
     D:4: 1459 daAuts
     D:3: 1334 daAuts
     D:1: 888 daAuts
     D:5: 270 daAuts
